 Dungeon Crawl Stone Soup version 0.30-a0-313-gae38170b09 (webtiles) character file.

Game seed: 377669254157197679

34467 pyrow613 the Severer (level 13, -2/119 HPs)
             Began as a Demigod Fighter on Oct 21, 2022.
             Slain by a skeletal warrior
             ... wielding a +0 trident
              (9 damage)
             ... on level 13 of the Dungeon on Oct 26, 2022.
             The game lasted 01:05:09 (15777 turns).

pyrow613 the Severer (Demigod Fighter)             Turns: 15777, Time: 01:05:09

Health: -2/119     AC: 25    Str: 29    XL:     13   Next: 12%
Magic:  16/16      EV:  5    Int: 14    God:
Gold:   983        SH:  8    Dex: 13    Spells: 12/12 levels left

rFire   . . .      SeeInvis +    a - +1 war axe (elec)
rCold   . . .      Faith    .    K - +0 kite shield
rNeg    . . .      Spirit   .    H - +10 plate armour {ponderous}
rPois   .          Reflect  .    h - +1 hat
rElec   .          Harm     .    z - +2 cloak
rCorr   +          Rampage  .    (no gloves)
Will    ++...                    (no boots)
Stlth   ..........               (no amulet)
HPRegen 0.39/turn                e - ring of resist corrosion
MPRegen 0.15/turn                L - ring of willpower

@: slow
A: high MP 1, forlorn, divine attributes, see invisible, wild magic 1, inability
to read after injury 1
a: no special abilities


You were on level 13 of the Dungeon.
You visited 1 branch of the dungeon, and saw 13 of its levels.
You also visited: Ossuary.

You collected 983 gold pieces.

Inventory:

Hand Weapons
 a - a +1 war axe of electrocution (weapon)
 b - a +0 vorpal sling
 c - a +3 vorpal war axe
 y - a +2 dagger of draining
 A - a +1 short sword of venom
Missiles
 f - 41 poisoned darts (quivered)
 J - 6 datura-tipped darts
Armour
 h - a +1 hat (worn)
 z - a +2 cloak (worn)
 H - a +10 plate armour of ponderousness (worn)
 K - a +0 kite shield (worn)
Jewellery
 e - a ring of resist corrosion (left hand)
 L - a ring of willpower (right hand)
Wands
 d - a wand of polymorph (11)
 i - a wand of acid (10)
 l - a wand of roots (13)
 o - a wand of paralysis (18)
 x - a wand of flame (11)
 N - a wand of mindburst (9)
Scrolls
 g - 9 scrolls of teleportation
 k - a scroll of noise {unknown}
 m - 2 scrolls of torment
 p - 2 scrolls of fear {unknown}
 q - 2 scrolls of fog
 D - a scroll of blinking
 E - 4 scrolls of magic mapping
 F - 2 scrolls of amnesia
 G - 4 scrolls of enchant armour {unknown}
 M - a scroll of poison {unknown}
 O - a scroll of brand weapon
Potions
 j - 5 potions of brilliance
 n - 2 potions of attraction
 s - 2 potions of cancellation
 t - 5 potions of haste
 u - 5 potions of lignification
 v - 9 potions of curing
 w - 4 potions of magic
 C - 2 potions of might
 I - 3 potions of flight {unknown}


   Skills:
 + Level 12.7 Fighting
 * Level 17.3 Axes
 - Level 2.6 Armour
 - Level 2.6 Shields


You had 12 spell levels left.
You didn't know any spells.
Your spell library contained the following spells:

 Spells                   Type           Power      Damage    Failure   Level
 Sting                    Tmut/Pois      0%         1d3       100%        1
 Cigotuvi's Dreadful Rot  Necr/Pois/Air  0%         N/A       100%        2
 Poisonous Vapours        Pois/Air       0%         N/A       100%        2
 Dazzling Flash           Conj/Hex       0%         N/A       100%        3
 Frozen Ramparts          Ice            0%         1d1       100%        3
 Mephitic Cloud           Conj/Pois/Air  0%         N/A       100%        3
 Ice Form                 Ice/Tmut       0%         N/A       100%        4
 Olgreb's Toxic Radiance  Pois           0%         N/A       100%        4
 Summon Ice Beast         Ice/Summ       0%         N/A       100%        4
 Agony                    Necr           0%         N/A       100%        5
 Silence                  Hex/Air        0%         N/A       100%        5


Dungeon Overview and Level Annotations

Branches:
Dungeon (13/15)            Temple (0/1) D:4            Lair (0/5) D:11
    Orc (0/2) D:10        Ossuary (visited)
 Vaults: D:13-14

Shops:
D:10 =   D:13 :

Portals:
Trove: D:12 (give 7 scrolls of fog)


Innate Abilities, Weirdness & Mutations

You have an increased reservoir of magic. (+10% MP)
You shall have no god before yourself.
Your divine heritage dramatically boosts your attributes as you level up.
You have supernaturally acute eyesight. (SInv)
Your spells are a little harder to cast, but a little more powerful.
You occasionally lose the ability to read scrolls when taking damage.


Message History

The skeletal warrior hits you but does no damage.
The skeletal warrior hits you from afar with a +0 trident!
* * * LOW HITPOINT WARNING * * *
You slash the skeletal warrior!
The skeletal warrior is severely damaged.
You block the skeletal warrior's attack. x2
You hit the skeletal warrior.
Lightning courses through the skeletal warrior!
The skeletal warrior is almost destroyed.
The skeletal warrior hits you but does no damage.
You block the skeletal warrior's attack.
You hit the skeletal warrior but do no damage.
The skeletal warrior is almost destroyed.
The skeletal warrior hits you with a +0 long sword.
* * * LOW HITPOINT WARNING * * *
The skeletal warrior hits you from afar with a +0 trident!
* * * LOW HITPOINT WARNING * * *
You catch the helpless skeletal warrior completely off-guard!
You slash the skeletal warrior!
You destroy the skeletal warrior!
You block the skeletal warrior's attack.
There is an entrance to Bezxuapp's Vocational Training here.
You can read scrolls again.
The skeletal warrior hits you but does no damage.
You flicker for a moment.
The skeletal warrior barely misses you.
You slash the skeletal warrior!
The skeletal warrior is moderately damaged.
The skeletal warrior hits you but does no damage.
You slash the skeletal warrior!
The skeletal warrior is heavily damaged.
You flicker back into view.
The skeletal warrior hits you with a +0 trident.
* * * LOW HITPOINT WARNING * * *
You hit the skeletal warrior but do no damage.
The skeletal warrior is heavily damaged.
You closely miss the skeletal warrior.
The skeletal warrior is heavily damaged.
The skeletal warrior hits you with a +0 trident!
You die...

#..........# #.#
#..........# #.#
#######....### #.#
#[.....#####.#
######..⌠.⌠.......#
#...........)))...#
#........∩........#
#.z####...........#
#.@# #.⌠.⌠.#####.#
#..# #.....#...#)#
#..# ##....#...#..
##..# #....#...#..
#...#####....#'###..
#...................
###...........######
#############


You could see a skeletal warrior.

Vanquished Creatures
  Josephine (D:10)
  A centaur warrior (D:13)
  7 two-headed ogres
  2 boulder beetles
  Sonja (D:12)
  Lodul (D:10)
  3 skeletal warriors (D:13)
  2 deep elf pyromancers
  6 cyclopes
  A manticore (D:12)
  Maurice (D:9)
  2 unseen horrors
  4 unseen horror zombies
  2 gargoyles
  Psyche (D:8)
  4 kobold demonologists
  3 komodo dragons
  A merfolk (shapeshifter) (D:13)
  5 trolls
  A hornet (D:8)
  3 meliai (D:13)
  6 slime creatures (D:12)
  3 shadows
  7 wraiths
  30 yaks
  Grum (D:9)
  A vampire (D:13)
  6 steam dragons
  7 vampire mosquitoes
  3 water moccasins
  2 acid dragons
  4 orc warriors
  5 sky beasts
  An ice beast (D:7)
  6 ogres (D:10)
  2 wolves (D:9)
  2 centaurs
  A phantom (D:7)
  An elf zombie (D:5)
  7 kobold brigands
  2 necrophages (D:7)
  2 elf skeletons (D:5)
  4 scorpions
  3 gnoll sergeants
  3 bullfrogs
  21 wights
  A killer bee (D:8)
  3 electric eels
  6 howler monkeys
  4 centaur zombies (D:8)
  2 hounds
  A human zombie (D:5)
  2 orc priests
  Crazy Yiuf (D:3)
  4 jellies
  3 iguanas
  11 orc wizards
  A human skeleton (D:5)
  A killer bee zombie (D:8)
  A mummy (Ossuary)
  6 adders
  13 gnolls
  A shadow imp (D:7)
  4 white imps
  3 ufetubi (D:5)
  2 worms
  A dart slug (D:4)
  26 orcs
  3 bats (D:1)
  7 endoplasms
  3 giant cockroaches
  3 goblins
  5 quokkas
  6 ball pythons
  6 frilled lizards
  6 gnoll skeletons (Ossuary)
  24 kobolds
  8 kobold skeletons (Ossuary)
  12 orc skeletons
  7 rats
369 creatures vanquished.

Vanquished Creatures (others)
  A kobold brigand (D:8)
  2 orc wizards
  3 orcs (D:6)
  3 kobolds (D:9)
  85 plants
94 creatures vanquished.

Grand Total: 463 creatures vanquished

Notes
Turn   | Place    | Note
-------+----------+-------------------------------------------
     0 | D:1      | pyrow613 the Demigod Fighter began the quest for the Orb.
     0 | D:1      | Reached XP level 1. HP: 18/18 MP: 3/3
    65 | D:1      | Reached skill level 2 in Axes
   257 | D:1      | Reached XP level 2. HP: 21/25 MP: 4/4
   586 | D:1      | Reached skill level 3 in Axes
   863 | D:2      | Reached XP level 3. HP: 28/31 MP: 5/5
  1803 | D:3      | Reached XP level 4. HP: 34/35 MP: 6/6
  1877 | D:3      | Reached skill level 4 in Axes
  2102 | D:3      | Found a runed translucent door.
  2103 | D:3      | Noticed Crazy Yiuf
  2236 | D:3      | Killed Crazy Yiuf
  2368 | D:4      | Reached XP level 5. HP: 43/45 MP: 7/7
  2564 | D:4      | Reached skill level 5 in Axes
  2817 | D:4      | Found a staircase to the Ecumenical Temple.
  2968 | D:4      | Reached XP level 6. HP: 48/52 MP: 8/8
  3415 | D:5      | Entered Level 5 of the Dungeon
  3645 | D:5      | Noticed a water moccasin
  3657 | D:5      | Killed a water moccasin
  3658 | D:5      | Reached skill level 6 in Axes
  3658 | D:5      | Reached XP level 7. HP: 60/60 MP: 9/9
  3776 | D:5      | Reached skill level 5 in Fighting
  3800 | D:5      | Found a sand-covered staircase.
  3818 | Ossuary  | Entered an ossuary
  3818 | Ossuary  | Noticed a wraith
  3818 | Ossuary  | Noticed a wraith
  3818 | Ossuary  | Noticed a wraith
  3864 | Ossuary  | Gained mutation: Your muscles are strong. (Str +4, Int/Dex
                  | -1) [potion of mutation]
  3864 | Ossuary  | Gained mutation: You occasionally lose the ability to drink
                  | potions when taking damage. [potion of mutation]
  3864 | Ossuary  | Gained mutation: You occasionally lose the ability to read
                  | scrolls when taking damage. [potion of mutation]
  3864 | Ossuary  | Gained mutation: You have large cloven feet. [potion of
                  | mutation]
  3865 | Ossuary  | Lost mutation: You occasionally lose the ability to read
                  | scrolls when taking damage. [potion of mutation]
  3865 | Ossuary  | Lost mutation: Your muscles are strong. (Str +4, Int/Dex
                  | -1) [potion of mutation]
  3865 | Ossuary  | Lost mutation: You have large cloven feet. [potion of
                  | mutation]
  3865 | Ossuary  | Gained mutation: You have a pair of small horns on your
                  | head. [potion of mutation]
  3865 | Ossuary  | Gained mutation: You have a pair of horns on your head.
                  | [potion of mutation]
  3865 | Ossuary  | Gained mutation: You are agile. (Dex +4, Str/Int -1)
                  | [potion of mutation]
  3866 | Ossuary  | Lost mutation: You have a pair of horns on your head.
                  | [potion of mutation]
  3866 | Ossuary  | Lost mutation: You have a pair of small horns on your head.
                  | [potion of mutation]
  3866 | Ossuary  | Gained mutation: Armour fits poorly on your strangely
                  | shaped body. [potion of mutation]
  3866 | Ossuary  | Gained mutation: You are partially covered in iridescent
                  | scales. (AC +2) [potion of mutation]
  3867 | Ossuary  | Lost mutation: You are agile. (Dex +4, Str/Int -1) [potion
                  | of mutation]
  3867 | Ossuary  | Lost mutation: You are partially covered in iridescent
                  | scales. (AC +2) [potion of mutation]
  3867 | Ossuary  | Lost mutation: You occasionally lose the ability to drink
                  | potions when taking damage. [potion of mutation]
  3867 | Ossuary  | Gained mutation: Your body sometimes deteriorates upon
                  | taking damage. [potion of mutation]
  3867 | Ossuary  | Gained mutation: You are strong-willed. (Will+) [potion of
                  | mutation]
  3867 | Ossuary  | Gained mutation: You have a pair of small antennae on your
                  | head. [potion of mutation]
  3879 | Ossuary  | Lost mutation: You have a pair of small antennae on your
                  | head. [potion of mutation]
  3879 | Ossuary  | Lost mutation: You are strong-willed. (Will+) [potion of
                  | mutation]
  3879 | Ossuary  | Gained mutation: You occasionally lose the ability to read
                  | scrolls when taking damage. [potion of mutation]
  3892 | Ossuary  | Noticed a wraith
  3902 | Ossuary  | Killed a wraith
  3903 | Ossuary  | Reached skill level 7 in Axes
  3913 | Ossuary  | Lost mutation: Your body sometimes deteriorates upon taking
                  | damage. [potion of mutation]
  3913 | Ossuary  | Lost mutation: You occasionally lose the ability to read
                  | scrolls when taking damage. [potion of mutation]
  3913 | Ossuary  | Lost mutation: Armour fits poorly on your strangely shaped
                  | body. [potion of mutation]
  3913 | Ossuary  | Gained mutation: You have supernaturally acute eyesight.
                  | (SInv) [potion of mutation]
  3913 | Ossuary  | Gained mutation: You occasionally lose the ability to read
                  | scrolls when taking damage. [potion of mutation]
  3913 | Ossuary  | Gained mutation: Your spells are a little harder to cast,
                  | but a little more powerful. [potion of mutation]
  4788 | D:6      | Noticed a steam dragon
  4892 | D:5      | Reached XP level 8. HP: 65/70 MP: 10/10
  5042 | D:6      | Reached skill level 8 in Axes
  5686 | D:6      | Reached skill level 9 in Axes
  6399 | D:7      | Reached XP level 9. HP: 74/79 MP: 11/11
  6534 | D:7      | Noticed a two-headed ogre
  6553 | D:7      | Killed a two-headed ogre
  6554 | D:7      | Reached skill level 10 in Axes
  7793 | D:8      | Reached skill level 11 in Axes
  7895 | D:8      | Reached XP level 10. HP: 85/89 MP: 13/13
  8013 | D:8      | Noticed a two-headed ogre
  8013 | D:8      | Noticed a two-headed ogre
  8014 | D:8      | Noticed a boulder beetle
  8021 | D:8      | Killed a two-headed ogre
  8024 | D:8      | Killed a two-headed ogre
  8025 | D:8      | Reached skill level 12 in Axes
  8074 | D:8      | Killed a boulder beetle
  8269 | D:8      | Noticed Psyche
  8276 | D:8      | Killed Psyche
  8608 | D:8      | Reached skill level 13 in Axes
  8770 | D:8      | Paralysed by a hornet for 3 turns
  9098 | D:9      | Noticed a two-headed ogre
  9112 | D:9      | Noticed a soul eater
  9119 | D:8      | Reached XP level 11. HP: 76/99 MP: 14/14
  9195 | D:9      | Noticed Maurice
  9200 | D:9      | Killed Maurice
  9231 | D:9      | Noticed Grum
  9242 | D:9      | Killed Grum
  9279 | D:9      | Reached skill level 10 in Fighting
 10133 | D:9      | Reached skill level 14 in Axes
 10167 | D:9      | Killed a two-headed ogre
 10477 | D:10     | Entered Level 10 of the Dungeon
 10693 | D:10     | Noticed Josephine
 10702 | D:10     | Killed Josephine
 10721 | D:10     | Noticed Lodul
 10730 | D:10     | Killed Lodul
 10992 | D:10     | Found a staircase to the Orcish Mines.
 10993 | D:10     | Upgraded the game from 0.30-a0-305-g026cb31310 to
                  | 0.30-a0-313-gae38170b09
 11084 | D:10     | Reached skill level 15 in Axes
 11313 | D:10     | Found Lifos's Jewellery Emporium.
 11390 | D:10     | Noticed a two-headed ogre
 11397 | D:10     | Killed a two-headed ogre
 11612 | D:11     | Reached XP level 12. HP: 77/110 MP: 15/15
 11887 | D:11     | Found a staircase to the Lair.
 12512 | D:11     | Identified the +1 great sword "Buakhine" {spect, rC++ Int+5
                  | Dex-4}
 13210 | D:12     | Noticed Sonja
 13233 | D:12     | Killed Sonja
 13234 | D:12     | Reached skill level 16 in Axes
 13474 | D:12     | Found a portal to a secret trove of treasure.
 14663 | D:13     | Noticed a boulder beetle
 14671 | D:13     | Killed a boulder beetle
 15147 | D:13     | Reached skill level 17 in Axes
 15194 | D:13     | Noticed a centaur warrior
 15208 | D:13     | Killed a centaur warrior
 15209 | D:13     | Reached XP level 13. HP: 74/119 MP: 16/16
 15325 | D:13     | Found Bezxuapp's Vocational Training.
 15336 | D:13     | Identified the +3 chain mail of the Doldrums {rF- rC+++
                  | Will+}
 15471 | D:13     | HP: 5/119 [skeletal warrior/+0 quarterstaff (8)]
 15758 | D:13     | HP: 4/119 [skeletal warrior/+0 trident (7)]
 15777 | D:13     | Slain by a skeletal warrior

Illustrated notes

Levels and vault maps discovered:
D:1:      ebering_trefoil_3fold, layout_loops_ring,
          shapermc_ecumenical_altar_mp_vishouse
D:2:      layout_loops_ring
D:3:      layout_basic, uniq_crazy_yiuf_cottage
D:4:      layout_loops_corners, minmay_temple_entry_wispy, grunt_ministairs_13
D:5:      layout_loops_corners, nicolae_ossuary_entry_catacombs
D:6:      layout_basic, nicolae_hepliaklqana_hazy_memory, serial_bayou_lagoon_a
D:7:      layout_basic, lemuel_round_altar, amcnicky_mini_pool_medium
D:8:      minmay_ornate_pinched, layout_basic, overflow_temple_1_default,
          serial_undead, serial_undead_a, serial_undead_f, serial_undead_d,
          serial_undead_b, serial_undead_d, chequers_mini_garden,
          kennysheep_generic_room_10, uniq_psyche
D:9:      layout_loops_ring, lemuel_zombie_altar_yredelemnul,
          old_standard_altar, uniq_grum, uniq_maurice
D:10:     layout_loops_cross, cheibriados_altar_1, orc_0_dummy, serial_shops,
          nicolae_stop_n_shop_2, serial_bayou_pond_b, uniq_lodul, uniq_josephine
D:11:     layout_loops_corners, david_lair_shrubbed, st_stairs_11
D:12:     layout_roguey, enter_trove_1, uniq_sonja
D:13:     nzn_winding_woodlands_stair_trap [nzn_winding_woodlands_5x15_twine,
          nzn_winding_woodlands_5x15_sidewinder,
          nzn_winding_woodlands_5x15_pool,
          nzn_winding_woodlands_15x15_boxy_spiral,
          nzn_winding_woodlands_5x15_eye, nzn_winding_woodlands_5x15_parted,
          nzn_winding_woodlands_5x15_jagged], layout_irregular_city,
          serial_shops, shop, nicolae_shop_vocational

Skill      XL: |  1  2  3  4  5  6  7  8  9 10 11 12 |
---------------+-------------------------------------+-----
Axes           | 2 3 4 5 6 7 9 11 13 15 17 | 17.3
Fighting       | 3 4 5 7 8 9 11 12 | 12.7
Armour         | |  2.6
Shields        | |  2.6

Action                   |  1- 3 |  4- 6 |  7- 9 | 10-12 | 13-15 || total
-------------------------+-------+-------+-------+-------+-------++-------
Melee: War axe           |    99 |    40 |   289 |   680 |    58 ||  1166
       Dagger            |    29 |    93 |       |       |       ||   122
       Short sword       |       |       |    11 |       |       ||    11
 Fire: Sling             |       |     3 |    43 |    10 |     3 ||    59
Throw: Dart              |       |     4 |     5 |     6 |     8 ||    23
Evoke: Wand              |       |       |     5 |     5 |       ||    10
  Use: Potion            |       |     2 |     6 |     9 |     3 ||    20
       Scroll            |       |    15 |     2 |     5 |     1 ||    23
 Stab: Paralysed         |       |       |       |     3 |       ||     3
       Invisible         |       |       |       |       |     1 ||     1
Armor: Scale mail        |    39 |       |       |       |       ||    39
       Plate armour      |    21 |   107 |   236 |   428 |    52 ||   844
       Skin              |       |    15 |       |       |       ||    15
Dodge: Dodged            |    50 |    23 |    98 |   128 |    14 ||   313
Block: Buckler           |    29 |    18 |    48 |       |       ||    95
       Kite shield       |       |       |    37 |   279 |    44 ||   360

Table legend: (Time is in decaauts)
 A = Elapsed time spent in this place.
 B = Non-inter-level travel time spent in this place.
 C = Inter-level travel time spent in this place.
 D = Time resting spent in this place.
 E = Time spent auto-exploring this place.
 F = Levels seen in this place.
 G = Mean time per level.
                   A        B        C        D        E       F      G
               +--------+--------+--------+--------+--------+-----+--------+
         Total |  16342 |  15869 |    473 |   3452 |   9223 |  14 | 1167.3 |
       Dungeon |  16053 |  15580 |    473 |   3430 |   9092 |  13 | 1234.8 |
       Ossuary |    289 |    289 |      0 |     22 |    131 |   1 |  289.0 |
               +--------+--------+--------+--------+--------+-----+--------+

Top non-repeatable levels by time:
    D:12: 1877 daAuts
     D:5: 1574 daAuts
     D:7: 1523 daAuts
     D:8: 1474 daAuts
     D:9: 1369 daAuts
    D:11: 1302 daAuts
     D:6: 1160 daAuts
    D:10: 1157 daAuts
    D:13: 1153 daAuts
     D:4: 1073 daAuts
     D:3: 852 daAuts
     D:1: 799 daAuts
     D:2: 733 daAuts
 Ossuary: 289 daAuts
